[Event "European Online Club-ch-A 2021"]
[Site "Online"]
[Date "2021.03.27"]
[Round "6.5"]
[White "Finek, Vaclav"]
[Black "Pein, Malcolm"]
[Result "0-1"]
[ECO "E62"]
[WhiteElo "2361"]
[BlackElo "2309"]
[Annotator "NA"]
[PlyCount "110"]
[EventDate "2021.03.27"]
[EventType "team-tourn"]
[EventCountry "NET"]
[SourceTitle "playchess.com"]
[Source "ChessBase"]
[SourceQuality "1"]
[TimeControl "900+5"]

1. d4 Nf6 2. c4 g6 3. Nf3 Bg7 4. g3 O-O 5. Bg2 d6 6. O-O c6 7. Nc3 Qb6 8. e4 Bg4 9. h3 Bxf3 10. Bxf3 Nfd7 11. Be3 Qxb2 12. Qd3 Qa3 13. Rab1 c5 14. Rb3 Qa5 15. Rb5 Qd8 16. Bg2 cxd4 17. Bxd4 Nc6 18. Bxg7 Kxg7 19. Nd5 Nc5 20. Qc3+ Kg8 21. e5 a6 22. Rbb1 dxe5 23. Nb6 Rb8 24. Qe3 Qd4 25. Qa3 e4 26. Rbd1 Nd3 27. Nd5 e6 28. Ne3 Nce5 29. Qa4 b5 30. Qc2 Rbc8 31. Qd2 bxc4 32. Nc2 Qb2 33. Bxe4 Rfd8 34. Qe2 Kg7 35. Rd2 Qxa2 36. Rfd1 Qb3 37. Kg2 a5 38. f4 Nc6 39. Bxd3 cxd3 40. Rxd3 Qb7 41. Kh2 Qb5 42. Na3 Qa6 43. Qb2+ Kg8 44. Rxd8+ Rxd8 45. Rxd8+ Nxd8 46. Qd2 Nc6 47. h4 h5 48. Nc2 Qc4 49. Ne3 Qd4 50. Qe2 a4 51. Nd1 a3 52. Nf2 Nb4 53. f5 exf5 54. Nh3 Qb2 55. Nf4 Qxe2+ 0-1

[Event "European Online Club-ch-A 2021"]
[Site "Online"]
[Date "2021.03.27"]
[Round "6.6"]
[White "De Verdier, Michael"]
[Black "Hrbek, Stepan"]
[Result "1-0"]
[ECO "A06"]
[WhiteElo "2291"]
[BlackElo "2230"]
[Annotator "NA"]
[PlyCount "107"]
[EventDate "2021.03.27"]
[EventType "team-tourn"]
[EventCountry "NET"]
[SourceTitle "playchess.com"]
[Source "ChessBase"]
[SourceQuality "1"]
[TimeControl "900+5"]

1. Nf3 d5 2. e3 Nf6 3. b3 c5 4. Bb2 g6 5. Bb5+ Bd7 6. Qe2 Bg7 7. O-O O-O 8. Bxd7 Nbxd7 9. d3 Qc7 10. c4 e5 11. cxd5 Nxd5 12. Nbd2 b5 13. Rfc1 Qb6 14. Ne4 f5 15. Nc3 Nb4 16. a3 Nc6 17. Nd5 Qb8 18. b4 Qd6 19. e4 Ne7 20. Nxe7+ Qxe7 21. exf5 Rxf5 22. Qe4 Rc8 23. Qb7 Rb8 24. Qd5+ Qf7 25. Qxf7+ Kxf7 26. bxc5 Rc8 27. c6 Nb8 28. Rc5 e4 29. Rxf5+ gxf5 30. Ng5+ Kg6 31. Bxg7 Kxg5 32. dxe4 fxe4 33. h4+ Kg6 34. Bd4 Nxc6 35. Rc1 Ne7 36. Re1 Rc4 37. Bxa7 Nc6 38. Be3 b4 39. axb4 Nxb4 40. Rb1 Nd3 41. g4 Ne5 42. h5+ Kf6 43. g5+ Kf5 44. Rb5 Rc8 45. Bd4 Re8 46. Kg2 Kxg5 47. Rxe5+ Rxe5 48. Bxe5 Kxh5 49. Bd4 Kg4 50. Be3 h5 51. Kh2 Kh4 52. Kg2 Kg4 53. Ba7 Kf4 54. Kh3 1-0

[Event "European Online Club-ch-A 2021"]
[Site "Online"]
[Date "2021.03.27"]
[Round "6.7"]
[White "Nemec, Jachym"]
[Black "Czopor, Maciej"]
[Result "0-1"]
[ECO "E11"]
[WhiteElo "2229"]
[BlackElo "2239"]
[Annotator "NA"]
[PlyCount "60"]
[EventDate "2021.03.27"]
[EventType "team-tourn"]
[EventCountry "NET"]
[SourceTitle "playchess.com"]
[Source "ChessBase"]
[SourceQuality "1"]
[TimeControl "900+5"]

1. d4 Nf6 2. Nf3 e6 3. c4 Bb4+ 4. Bd2 Qe7 5. g3 Nc6 6. Nc3 O-O 7. Bg2 Bxc3 8. Bxc3 Ne4 9. O-O Nxc3 10. bxc3 d6 11. Nd2 Bd7 12. d5 Na5 13. dxe6 fxe6 14. Rb1 Rab8 15. e3 b6 16. Qe2 Qf6 17. Rbc1 Rbe8 18. h4 Bc8 19. Nb3 Nb7 20. Nd4 Rf7 21. Rce1 Na5 22. Be4 Ba6 23. Nb5 Qe5 24. Bd3 Qc5 25. Qc2 g6 26. Qa4 Ref8 27. Re2 Bb7 28. Qb4 Qh5 29. e4 Nc6 30. f4 Nxb4 0-1

[Event "European Online Club-ch-A 2021"]
[Site "Online"]
[Date "2021.03.27"]
[Round "6.8"]
[White "Royal, Shreyas"]
[Black "Brozka, Karel"]
[Result "1-0"]
[ECO "A57"]
[WhiteElo "2121"]
[BlackElo "2080"]
[Annotator "NA"]
[PlyCount "91"]
[EventDate "2021.03.27"]
[EventType "team-tourn"]
[EventCountry "NET"]
[SourceTitle "playchess.com"]
[Source "ChessBase"]
[SourceQuality "1"]
[TimeControl "900+5"]

1. d4 Nf6 2. c4 c5 3. d5 b5 4. Nf3 g6 5. cxb5 a6 6. b6 d6 7. Nc3 Nbd7 8. a4 Nxb6 9. e4 Bg7 10. Be2 O-O 11. O-O a5 12. Bb5 Bb7 13. Qe2 Qc7 14. Nd2 e6 15. dxe6 fxe6 16. e5 Nfd5 17. exd6 Qxd6 18. Nc4 Nxc4 19. Bxc4 Rae8 20. Ne4 Qc7 21. Bb5 Rc8 22. Ng5 Bd4 23. Nxe6 Qf7 24. Nxf8 Rxf8 25. Be3 Nf4 26. Bxf4 Qxf4 27. Bc6 Bxc6 28. Qe6+ Kh8 29. Qxc6 Bxb2 30. Rab1 Bd4 31. Qb5 Bxf2+ 32. Kh1 Qd4 33. Qxa5 Kg7 34. Rbd1 Qe3 35. Rc1 Qe5 36. Qc3 Bd4 37. Qd3 Bf2 38. a5 Rf5 39. a6 Rf7 40. Qc4 Rf5 41. Qd3 Rf7 42. Rb1 Kh6 43. Qh3+ Kg7 44. Rb7 Qe2 45. Rxf7+ Kg8 46. R7xf2 1-0

[Event "European Online Club-ch-A 2021"]
[Site "Online"]
[Date "2021.03.27"]
[Round "6.10"]
[White "Mitusov, Semen"]
[Black "Bacrot, Etienne"]
[Result "0-1"]
[ECO "B22"]
[WhiteElo "2297"]
[BlackElo "2678"]
[Annotator "ChessBase"]
[PlyCount "110"]
[EventDate "2021.03.27"]
[EventType "team-tourn"]
[EventCountry "NET"]
[SourceTitle "playchess.com"]
[Source "ChessBase"]
[SourceQuality "1"]
[TimeControl "900+5"]

1. e4 c5 2. Nf3 Nc6 3. c3 d5 4. exd5 Qxd5 5. d4 Bf5 6. Be2 cxd4 7. cxd4 Bxb1 8. Rxb1 e6 9. a3 Nf6 10. O-O Be7 11. h3 O-O 12. Be3 Rfd8 13. Rc1 a6 14. Bc4 Qh5 15. Ne5 Qxd1 16. Rfxd1 Rdc8 17. Nxc6 Rxc6 18. d5 exd5 19. Bxd5 Rxc1 20. Bxc1 Nxd5 21. Rxd5 Kf8 22. Rd7 b5 23. Be3 Ke8 24. Ra7 Rxa7 25. Bxa7 Kd7 26. Bd4 Kc6 27. Bxg7 Kd5 28. Kf1 Kc4 29. Ke2 Kb3 30. Kd1 a5 31. Kc1 Bc5 32. f3 Be3+ 33. Kb1 b4 34. axb4 axb4 35. Bf6 Kc4 36. Ka2 Bc5 37. b3+ Kd3 38. f4 Ke3 39. Be5 Kf2 40. g4 Kg3 41. Kb2 Kxh3 42. g5 Kg4 43. Kc2 Kf3 44. Kd1 Be3 45. Bd6 Bxf4 46. Bxb4 Bxg5 47. Ke1 Be3 48. Be7 f5 49. Kf1 h5 50. b4 f4 51. Bd8 Kg3 52. b5 h4 53. b6 h3 54. b7 Ba7 55. Bb6 h2 0-1

[Event "European Online Club-ch-A 2021"]
[Site "Online"]
[Date "2021.03.27"]
[Round "6.12"]
[White "Babiy, Igor"]
[Black "Naiditsch, Arkadij"]
[Result "0-1"]
[ECO "A24"]
[WhiteElo "2241"]
[BlackElo "2649"]
[Annotator "ChessBase"]
[PlyCount "138"]
[EventDate "2021.03.27"]
[EventType "team-tourn"]
[EventCountry "NET"]
[SourceTitle "playchess.com"]
[Source "ChessBase"]
[SourceQuality "1"]
[TimeControl "900+5"]

1. Nf3 Nf6 2. c4 g6 3. Nc3 Bg7 4. g3 O-O 5. Bg2 d6 6. O-O e5 7. d3 c6 8. c5 dxc5 9. Nxe5 Re8 10. Nf3 Bg4 11. h3 Bf5 12. Bg5 h6 13. Bf4 Nbd7 14. Re1 Rc8 15. Qb3 b5 16. Rad1 Qb6 17. a3 a5 18. Qc2 a4 19. Rc1 c4 20. e4 cxd3 21. Qxd3 Be6 22. Be3 Qa5 23. Qd2 Kh7 24. Nd4 Bc4 25. f4 c5 26. Ncxb5 Qxd2 27. Bxd2 cxd4 28. Nd6 Ba6 29. Nxc8 Bxc8 30. e5 Ng8 31. Rc7 Ne7 32. Bb4 Nf5 33. Rec1 Nb6 34. R1c6 Nxg3 35. Rxb6 Be6 36. Kf2 Nh5 37. Bd2 g5 38. Bc6 Rf8 39. Be4+ Kg8 40. f5 Bxe5 41. Rc5 Bg3+ 42. Kf3 Bb3 43. Kg4 Bf4 44. Bxf4 Nxf4 45. Rxh6 f6 46. Rc7 d3 47. Rd7 d2 48. Bf3 Bf7 49. Rxd2 Kg7 50. Rg6+ Nxg6 51. fxg6 Be6+ 52. Kg3 Rb8 53. h4 Rb3 54. hxg5 fxg5 55. Kf2 Kxg6 56. Bd1 Rb6 57. Bxa4 g4 58. b4 Kg5 59. Bd1 Kh4 60. Rd3 Bf5 61. Rd4 Rf6 62. Kg2 Re6 63. b5 Be4+ 64. Kg1 Kg3 65. a4 Bf3 66. Kf1 Rh6 67. Bxf3 gxf3 68. Ke1 f2+ 69. Ke2 Re6+ 0-1

[Event "European Online Club-ch-A 2021"]
[Site "Online"]
[Date "2021.03.27"]
[Round "6.14"]
[White "Schmidek, Emil"]
[Black "Kamsky, Gata"]
[Result "0-1"]
[ECO "E46"]
[WhiteElo "2402"]
[BlackElo "2665"]
[Annotator "ChessBase"]
[PlyCount "96"]
[EventDate "2021.03.27"]
[EventType "team-tourn"]
[EventCountry "NET"]
[SourceTitle "playchess.com"]
[Source "ChessBase"]
[SourceQuality "1"]
[TimeControl "900+5"]

1. d4 Nf6 2. c4 e6 3. Nc3 Bb4 4. e3 O-O 5. Nge2 d5 6. a3 Be7 7. cxd5 exd5 8. g3 c6 9. Bg2 Nbd7 10. O-O Nb6 11. Qc2 Re8 12. Rd1 Bd7 13. Bd2 Qc8 14. Nf4 Bf5 15. Qb3 Bd6 16. Nce2 Nc4 17. Bb4 Bc7 18. a4 a5 19. Bc5 Ne4 20. Rac1 Ncd2 21. Qa2 g5 22. Nh5 Bg4 23. Rxd2 Bxh5 24. Rdc2 Qf5 25. Nc3 Nxc5 26. dxc5 Bg6 27. Qb3 Rab8 28. Ne2 h5 29. Nd4 Qf6 30. Rd2 h4 31. Qd1 hxg3 32. hxg3 Kg7 33. Qf3 Qxf3 34. Bxf3 f5 35. Kg2 Kf6 36. Rh1 Rh8 37. Rdd1 Be5 38. Rxh8 Rxh8 39. Rh1 Rxh1 40. Kxh1 f4 41. gxf4 gxf4 42. Kg2 Bxd4 43. exd4 Be4 44. Bxe4 dxe4 45. Kh3 Kf5 46. Kg2 Ke6 47. Kh3 Kd5 48. Kg4 f3 0-1

[Event "European Online Club-ch-A 2021"]
[Site "Online"]
[Date "2021.03.27"]
[Round "6.15"]
[White "Timofeev, Artyom"]
[Black "Agopov, Mikael"]
[Result "1-0"]
[ECO "A64"]
[WhiteElo "2594"]
[BlackElo "2427"]
[Annotator "ChessBase"]
[PlyCount "119"]
[EventDate "2021.03.27"]
[EventType "team-tourn"]
[EventCountry "NET"]
[SourceTitle "playchess.com"]
[Source "ChessBase"]
[SourceQuality "1"]
[TimeControl "900+5"]

1. d4 Nf6 2. c4 e6 3. g3 c5 4. d5 exd5 5. cxd5 d6 6. Nc3 g6 7. Bg2 Bg7 8. Nf3 O-O 9. O-O Re8 10. Nd2 Nbd7 11. a4 a6 12. h3 Rb8 13. a5 b5 14. axb6 Nxb6 15. Re1 Bd7 16. Kh2 Bb5 17. Nde4 Nxe4 18. Nxe4 Nc4 19. Bg5 f6 20. Bc1 f5 21. Nc3 Qb6 22. Qb3 Ne5 23. Nxb5 axb5 24. Qc2 b4 25. Bd2 Qb5 26. b3 c4 27. Ra4 c3 28. Be3 Nd7 29. Bf4 Be5 30. Bxe5 Rxe5 31. Bf3 Nc5 32. Raa1 Rbe8 33. Kg2 Ne4 34. e3 Nd2 35. Qd1 Rc8 36. Ra2 Rxd5 37. Bxd5+ Qxd5+ 38. e4 fxe4 39. Re3 Qc5 40. Rxd2 cxd2 41. Qxd2 d5 42. Re1 Kg7 43. Rd1 Rd8 44. Rc1 Qd6 45. Qd4+ Kg8 46. Rc5 Qe6 47. Rc7 Rd7 48. Rc8+ Kf7 49. Qh8 Qe7 50. h4 e3 51. Qg8+ Kf6 52. Rf8+ Ke5 53. fxe3 Kd6 54. Rf4 Rc7 55. Qb8 Qxe3 56. Qd8+ Rd7 57. Rf6+ Ke5 58. Qe8+ Kd4 59. Rf4+ Kd3 60. Rf3 1-0

[Event "European Online Club-ch-A 2021"]
[Site "Online"]
[Date "2021.03.27"]
[Round "6.16"]
[White "Noetzel, Felix"]
[Black "Sharafiev, Azat"]
[Result "0-1"]
[ECO "C56"]
[WhiteElo "2263"]
[BlackElo "2432"]
[Annotator "NA"]
[PlyCount "106"]
[EventDate "2021.03.27"]
[EventType "team-tourn"]
[EventCountry "NET"]
[SourceTitle "playchess.com"]
[Source "ChessBase"]
[SourceQuality "1"]
[TimeControl "900+5"]

1. e4 e5 2. Nf3 Nc6 3. d4 exd4 4. Bc4 Nf6 5. O-O Nxe4 6. Re1 d5 7. Bxd5 Qxd5 8. Nc3 Qa5 9. Nxe4 Be6 10. Neg5 O-O-O 11. Nxe6 fxe6 12. Rxe6 Bd6 13. Bg5 Rde8 14. Qe1 Qxe1+ 15. Raxe1 Kd7 16. Rxe8 Rxe8 17. Rxe8 Kxe8 18. Kf1 Kd7 19. Bd2 h6 20. Ke2 Ke6 21. Kd3 Kd5 22. Nxd4 Ne5+ 23. Kc3 a5 24. a3 Nc4 25. Nf3 a4 26. Be3 Nxe3 27. fxe3 Ke4 28. Kd2 Bc5 29. Ke2 Bxe3 30. Ne1 c5 31. b3 b5 32. bxa4 bxa4 33. Nd3 Bd4 34. c3 c4 35. Nb2 Bxc3 36. Nxa4 Be5 37. h3 Bd4 38. Kd2 h5 39. Nc3+ Ke5 40. Ne2 Bc5 41. a4 Bb4+ 42. Ke3 h4 43. g3 g5 44. gxh4 gxh4 45. Nf4 Bc5+ 46. Kf3 c3 47. Nd3+ Kd4 48. Nxc5 Kxc5 49. Ke3 Kb4 50. Kd3 Kb3 51. a5 c2 52. a6 c1=Q 53. a7 Qc4+ 0-1

[Event "European Online Club-ch-A 2021"]
[Site "Online"]
[Date "2021.03.27"]
[Round "6.17"]
[White "Deac, Bogdan-Daniel"]
[Black "Hera, Imre Jr."]
[Result "1/2-1/2"]
[ECO "B10"]
[WhiteElo "2625"]
[BlackElo "2610"]
[Annotator "ChessBase"]
[PlyCount "114"]
[EventDate "2021.03.27"]
[EventType "team-tourn"]
[EventCountry "NET"]
[SourceTitle "playchess.com"]
[Source "ChessBase"]
[SourceQuality "1"]
[TimeControl "900+5"]

1. e4 c6 2. Nf3 d5 3. d3 dxe4 4. dxe4 Qxd1+ 5. Kxd1 g6 6. Ne5 Nd7 7. Nd3 Bg7 8. Nd2 Nh6 9. a4 O-O 10. f3 f5 11. a5 Nf6 12. Ra4 Nf7 13. Be2 Rd8 14. Re1 fxe4 15. Nxe4 Nxe4 16. Rxe4 e5 17. Be3 Nd6 18. Rb4 Be6 19. Bg5 Re8 20. Nc5 Bc8 21. Bd3 Bf8 22. Ne4 Nxe4 23. Rbxe4 Bg7 24. Rb4 Bf8 25. Rb3 Rb8 26. Bc4+ Be6 27. Bxe6+ Rxe6 28. Re4 Bc5 29. Ke2 b5 30. axb6 axb6 31. Be3 Bxe3 32. Rbxe3 Ra8 33. Rxe5 Rxe5 34. Rxe5 Ra2 35. Re6 Rxb2 36. Rxc6 b5 37. Kd3 Rb1 38. Rb6 Rg1 39. g4 Rb1 40. Rb7 h5 41. gxh5 gxh5 42. f4 h4 43. Ke4 Rc1 44. Kd3 Rb1 45. c3 h3 46. Ke4 Rc1 47. Kd4 Rh1 48. Rxb5 Rxh2 49. Rh5 Kf7 50. f5 Rh1 51. c4 h2 52. Kc5 Kf6 53. Kc6 Rc1 54. Rxh2 Rxc4+ 55. Kd5 Rf4 56. Rh5 Rxf5+ 57. Rxf5+ Kxf5 1/2-1/2

[Event "European Online Club-ch-A 2021"]
[Site "Online"]
[Date "2021.03.27"]
[Round "6.18"]
[White "Nemeth, Miklos"]
[Black "Istratescu, Andrei"]
[Result "1-0"]
[ECO "B33"]
[WhiteElo "2488"]
[BlackElo "2553"]
[Annotator "ChessBase"]
[PlyCount "41"]
[EventDate "2021.03.27"]
[EventType "team-tourn"]
[EventCountry "NET"]
[SourceTitle "playchess.com"]
[Source "ChessBase"]
[SourceQuality "1"]
[TimeControl "900+5"]

1. e4 c5 2. Nf3 Nc6 3. d4 cxd4 4. Nxd4 Qb6 5. Nb3 Nf6 6. Nc3 e6 7. Bd3 a6 8. Be3 Qc7 9. f4 d6 10. Qf3 b5 11. O-O Bb7 12. a4 b4 13. Ne2 Be7 14. a5 O-O 15. Qh3 e5 16. Ng3 exf4 17. Rxf4 Ne5 18. Nf5 g6 19. Nxe7+ Qxe7 20. Qh4 Kg7 21. Rxf6 1-0

[Event "European Online Club-ch-A 2021"]
[Site "Online"]
[Date "2021.03.27"]
[Round "6.19"]
[White "Marin, Mihail"]
[Black "Kovacs, Gabor"]
[Result "1/2-1/2"]
[ECO "A14"]
[WhiteElo "2502"]
[BlackElo "2455"]
[Annotator "ChessBase"]
[PlyCount "126"]
[EventDate "2021.03.27"]
[EventType "team-tourn"]
[EventCountry "NET"]
[SourceTitle "playchess.com"]
[Source "ChessBase"]
[SourceQuality "1"]
[TimeControl "900+5"]

1. c4 e6 2. g3 d5 3. Bg2 Nf6 4. Nf3 Be7 5. O-O O-O 6. b3 b6 7. Bb2 Bb7 8. e3 Nbd7 9. Nc3 c5 10. Qe2 Rc8 11. d3 Qc7 12. Ne1 dxc4 13. bxc4 Ne8 14. f4 Nd6 15. g4 a6 16. a4 Bf6 17. g5 Bxc3 18. Bxc3 b5 19. axb5 axb5 20. cxb5 Bxg2 21. Nxg2 Nxb5 22. Bxg7 Kxg7 23. Qb2+ Nd4 24. exd4 cxd4 25. Qxd4+ Kg8 26. Ne3 Qc5 27. Qxc5 Nxc5 28. Rad1 Rfd8 29. d4 Ne4 30. Rd3 Nc3 31. Kg2 Nd5 32. Nxd5 Rxd5 33. h4 h6 34. Kf3 Kg7 35. Re1 Rc2 36. Re5 Rxe5 37. gxh6+ Kxh6 38. dxe5 Rh2 39. Rd7 Kg6 40. Kg4 Rg2+ 41. Kh3 Rg1 42. h5+ Kxh5 43. Rxf7 Ra1 44. Rh7+ Kg6 45. Re7 Kf5 46. Rf7+ Ke4 47. Kg4 Rg1+ 48. Kh5 Rg2 49. Kh6 Rg1 50. Rf6 Rg4 51. Rxe6 Rxf4 52. Re8 Rg4 53. Kh5 Rg1 54. Kh6 Kf5 55. Kh7 Re1 56. Rf8+ Ke6 57. Kg6 Rg1+ 58. Kh6 Kxe5 59. Rf2 Ke6 60. Re2+ Kf6 61. Rf2+ Ke6 62. Re2+ Kf6 63. Rf2+ Ke6 1/2-1/2

[Event "European Online Club-ch-A 2021"]
[Site "Online"]
[Date "2021.03.27"]
[Round "6.20"]
[White "Csonka, Attila Istvan"]
[Black "Costachi, Mihnea"]
[Result "1/2-1/2"]
[ECO "C42"]
[WhiteElo "2362"]
[BlackElo "2471"]
[Annotator "ChessBase"]
[PlyCount "142"]
[EventDate "2021.03.27"]
[EventType "team-tourn"]
[EventCountry "NET"]
[SourceTitle "playchess.com"]
[Source "ChessBase"]
[SourceQuality "1"]
[TimeControl "900+5"]

1. e4 e5 2. Nf3 Nf6 3. Nxe5 d6 4. Nf3 Nxe4 5. Nc3 Nxc3 6. dxc3 Be7 7. Be3 Nc6 8. Qd2 Be6 9. O-O-O Qd7 10. a3 a6 11. Bd3 O-O-O 12. Rhe1 Ne5 13. Nd4 Nxd3+ 14. Qxd3 Bf6 15. f3 Kb8 16. Bg1 Rde8 17. Re2 h6 18. Rde1 Re7 19. Nxe6 fxe6 20. Re4 Rhe8 21. Rb4 c5 22. Rbe4 d5 23. R4e2 Qd6 24. g3 Kc7 25. b4 c4 26. Qd2 b6 27. f4 a5 28. Bd4 axb4 29. axb4 e5 30. fxe5 Bxe5 31. Bxe5 Rxe5 32. Rxe5 Rxe5 33. Rxe5 Qxe5 34. Kb2 Kc6 35. Qf2 Kc7 36. Qf7+ Kc6 37. Qf8 Kc7 38. Qf7+ Kc6 39. Qf8 Kc7 40. b5 d4 41. Qf7+ Kb8 42. Qxc4 dxc3+ 43. Kb3 h5 44. Kb4 Qe7+ 45. Kxc3 Qe1+ 46. Kb2 Qe5+ 47. Ka2 g5 48. h4 gxh4 49. gxh4 Kb7 50. Qc6+ Ka7 51. Kb3 Qe3+ 52. c3 Qe5 53. Qc4 Qe7 54. Qd5 Qxh4 55. Qd7+ Kb8 56. Qd6+ Kb7 57. Qc6+ Ka7 58. Qc7+ Ka8 59. Qc8+ Ka7 60. Qa6+ Kb8 61. Qxb6+ Kc8 62. Qc6+ Kb8 63. b6 Qe7 64. Ka4 h4 65. c4 h3 66. c5 h2 67. Qd5 h1=Q 68. Qxh1 Qxc5 69. Qh2+ Kb7 70. Qc7+ Qxc7 71. bxc7 Kxc7 1/2-1/2

[Event "European Online Club-ch-A 2021"]
[Site "Online"]
[Date "2021.03.27"]
[Round "7.1"]
[White "Hera, Imre Jr."]
[Black "Horvath, Laszlo"]
[Result "1-0"]
[ECO "B02"]
[WhiteElo "2610"]
[BlackElo "2183"]
[Annotator "ChessBase"]
[PlyCount "59"]
[EventDate "2021.03.27"]
[EventType "team-tourn"]
[EventCountry "NET"]
[SourceTitle "playchess.com"]
[Source "ChessBase"]
[SourceQuality "1"]
[TimeControl "900+5"]

1. e4 Nf6 2. Nc3 d5 3. e5 Nfd7 4. d4 c5 5. e6 fxe6 6. Nf3 Nc6 7. dxc5 g6 8. Nd4 Nxd4 9. Qxd4 Nf6 10. Bf4 Bg7 11. Be5 O-O 12. h4 Rf7 13. Be2 Qf8 14. O-O-O Nd7 15. Bxg7 Qxg7 16. Qe3 Qf6 17. Kb1 b6 18. c6 Ne5 19. c7 Bd7 20. Ba6 Nc6 21. Bb7 d4 22. Qe4 Rff8 23. Bxc6 Bxc6 24. Qxc6 dxc3 25. Qxa8 Rxa8 26. Rd8+ Qf8 27. Rhd1 Kg7 28. Rxf8 Rxf8 29. Rd8 Rxf2 30. bxc3 1-0

[Event "European Online Club-ch-A 2021"]
[Site "Online"]
[Date "2021.03.27"]
[Round "7.2"]
[White "Krieger, Markus"]
[Black "Nemeth, Miklos"]
[Result "0-1"]
[ECO "C28"]
[WhiteElo "2050"]
[BlackElo "2488"]
[Annotator "ChessBase"]
[PlyCount "152"]
[EventDate "2021.03.27"]
[EventType "team-tourn"]
[EventCountry "NET"]
[SourceTitle "playchess.com"]
[Source "ChessBase"]
[SourceQuality "1"]
[TimeControl "900+5"]

1. e4 e5 2. Bc4 Nc6 3. Nc3 Nf6 4. d3 Na5 5. Bb3 Bb4 6. Nf3 Nxb3 7. axb3 d6 8. h3 h6 9. Bd2 c6 10. Ne2 Bxd2+ 11. Qxd2 Qc7 12. Qe3 b6 13. d4 O-O 14. dxe5 dxe5 15. O-O Be6 16. Rfd1 Rfd8 17. Ng3 a5 18. Qc3 Nd7 19. Rd2 f6 20. Rad1 Nc5 21. Rxd8+ Rxd8 22. Rxd8+ Qxd8 23. Qd2 Qxd2 24. Nxd2 Na6 25. Ngf1 Nb4 26. Ne3 b5 27. Kf1 Kf7 28. Ke2 Ke7 29. Nf3 g6 30. Kd2 Na6 31. Ne1 f5 32. Nd3 f4 33. Ng4 Bxg4 34. hxg4 Kd6 35. f3 Nc7 36. c3 Ne6 37. Kc2 c5 38. Nc1 c4 39. bxc4 bxc4 40. b3 h5 41. gxh5 gxh5 42. bxc4 Nc5 43. Ne2 Nd7 44. Kb3 Kc5 45. Ka4 Nb6+ 46. Kxa5 Nxc4+ 47. Ka4 Ne3 48. Kb3 Nxg2 49. Ng1 Ne1 50. c4 Ng2 51. Kc3 Ne3 52. Kd3 Nxc4 53. Nh3 Nb2+ 54. Kc3 Na4+ 55. Kd3 Nb6 56. Ng5 Kd6 57. Ke2 Ke7 58. Kf2 Kf6 59. Nh3 Nc4 60. Ke2 Nd6 61. Kf2 Nf7 62. Kg2 Ke6 63. Kf2 Kd6 64. Ke2 Kc5 65. Kd3 Kb4 66. Kd2 Kc4 67. Kc2 Kd4 68. Kd2 h4 69. Ng1 Ng5 70. Ke2 h3 71. Kf2 h2 72. Ne2+ Kd3 73. Nxf4+ exf4 74. Kg2 Nxf3 75. e5 Nxe5 76. Kxh2 Ke2 0-1

[Event "European Online Club-ch-A 2021"]
[Site "Online"]
[Date "2021.03.27"]
[Round "7.3"]
[White "Kovacs, Gabor"]
[Black "Ferster, Fabian"]
[Result "1-0"]
[ECO "B31"]
[WhiteElo "2455"]
[BlackElo "2149"]
[Annotator "ChessBase"]
[PlyCount "107"]
[EventDate "2021.03.27"]
[EventType "team-tourn"]
[EventCountry "NET"]
[SourceTitle "playchess.com"]
[Source "ChessBase"]
[SourceQuality "1"]
[TimeControl "900+5"]

1. Nf3 c5 2. e4 Nc6 3. Bb5 g6 4. O-O Bg7 5. Re1 e5 6. c3 Nge7 7. h3 O-O 8. Bf1 d6 9. Na3 h6 10. Nc2 f5 11. d3 Kh7 12. b4 b6 13. Rb1 g5 14. Be2 Ng6 15. exf5 Bxf5 16. Ne3 Be6 17. b5 Nce7 18. d4 cxd4 19. cxd4 e4 20. Nd2 d5 21. Bb2 Nf4 22. Rc1 Bxh3 23. Bf1 Be6 24. Nb3 Qd7 25. Ba3 Rac8 26. Qd2 Rxc1 27. Rxc1 Rc8 28. Rxc8 Nxc8 29. Qb4 Ng6 30. Qc3 Nd6 31. Bxd6 Qxd6 32. Na1 Bf8 33. Nac2 h5 34. a3 h4 35. Nb4 g4 36. Qc6 g3 37. Qxd6 Bxd6 38. Nbxd5 Bxd5 39. Nxd5 Bxa3 40. Nf6+ Kg7 41. Nxe4 Bb2 42. fxg3 Bxd4+ 43. Kh2 hxg3+ 44. Kxg3 Ne5 45. Kf4 Kf7 46. Nd6+ Ke6 47. Nc8 Kd5 48. Nxa7 Nf7 49. g4 Be5+ 50. Kf5 Nd6+ 51. Kg6 Kc5 52. g5 Ne4 53. Kf5 Kd5 54. Bg2 1-0

[Event "European Online Club-ch-A 2021"]
[Site "Online"]
[Date "2021.03.27"]
[Round "7.4"]
[White "Frick, Renato"]
[Black "Csonka, Attila Istvan"]
[Result "0-1"]
[ECO "B41"]
[WhiteElo "1947"]
[BlackElo "2362"]
[Annotator "NA"]
[PlyCount "38"]
[EventDate "2021.03.27"]
[EventType "team-tourn"]
[EventCountry "NET"]
[SourceTitle "playchess.com"]
[Source "ChessBase"]
[SourceQuality "1"]
[TimeControl "900+5"]

1. e4 c5 2. Nf3 e6 3. d4 cxd4 4. Nxd4 Nc6 5. c4 Nf6 6. Nc3 Qc7 7. Be2 a6 8. O-O h5 9. h3 Bb4 10. Nxc6 dxc6 11. Bd2 Bc5 12. Bg5 e5 13. Bxf6 gxf6 14. Bxh5 Be6 15. Be2 Ke7 16. Qb3 Rag8 17. Na4 Bd4 18. Kh2 Qc8 19. f4 Rxg2+ 0-1

[Event "European Online Club-ch-A 2021"]
[Site "Online"]
[Date "2021.03.27"]
[Round "7.5"]
[White "Jakubowski, Krzysztof"]
[Black "Deac, Bogdan-Daniel"]
[Result "0-1"]
[ECO "B33"]
[WhiteElo "2497"]
[BlackElo "2625"]
[Annotator "ChessBase"]
[PlyCount "166"]
[EventDate "2021.03.27"]
[EventType "team-tourn"]
[EventCountry "NET"]
[SourceTitle "playchess.com"]
[Source "ChessBase"]
[SourceQuality "1"]
[TimeControl "900+5"]

1. e4 c5 2. Nf3 Nc6 3. d4 cxd4 4. Nxd4 Nf6 5. Nc3 e5 6. Ndb5 d6 7. Bg5 a6 8. Na3 b5 9. Nd5 Be7 10. Bxf6 Bxf6 11. c3 Rb8 12. Nc2 Bg5 13. Be2 O-O 14. O-O a5 15. a3 Ne7 16. Nce3 Bxe3 17. Nxe3 a4 18. Qd3 Qb6 19. Rad1 Rd8 20. Rd2 Be6 21. Re1 d5 22. exd5 Nxd5 23. Red1 f6 24. Qxb5 Qxb5 25. Bxb5 Rxb5 26. c4 Rb3 27. cxd5 Bd7 28. Rc1 Kf8 29. Rc7 Ke8 30. h4 Rdb8 31. Nc4 Kd8 32. Ra7 R3b7 33. Rxb7 Rxb7 34. Na5 Rb5 35. Nc6+ Ke8 36. Nb4 Bf5 37. f3 h5 38. Kf2 Rc5 39. Rd1 Kd7 40. Ke3 Rc4 41. g3 Kd6 42. Kd2 e4 43. fxe4 Bxe4 44. Ke3 Bf5 45. Rf1 Bd7 46. Kd2 Rd4+ 47. Ke3 Rg4 48. Kf2 Rc4 49. Ke3 Rg4 50. Kf2 Rc4 51. Ke3 Bg4 52. Kd3 Rc5 53. Kd4 Be2 54. Re1 Rc4+ 55. Ke3 Bg4 56. Kd3 Rc8 57. Kd4 Bd7 58. Re3 Rc1 59. Rc3 Rb1 60. Rc2 Rg1 61. Rc3 Rd1+ 62. Rd3 Rb1 63. Kc3 Bf5 64. Rd2 Rg1 65. Nc6 Rxg3+ 66. Kb4 Rg4+ 67. Kb5 Bd7 68. Kb6 Rxh4 69. Na5 Re4 70. Nb7+ Ke7 71. d6+ Ke8 72. Nc5 Re5 73. Rc2 Bf5 74. Kc7 h4 75. d7+ Bxd7 76. Nxd7 Re7 77. Rd2 h3 78. Kc6 f5 79. Nc5 g5 80. Kd6 g4 81. Rh2 Re3 82. Ne6 Kf7 83. b4 Rxe6+ 0-1

[Event "European Online Club-ch-A 2021"]
[Site "Online"]
[Date "2021.03.27"]
[Round "7.6"]
[White "Istratescu, Andrei"]
[Black "Schmidek, Emil"]
[Result "1-0"]
[ECO "B12"]
[WhiteElo "2553"]
[BlackElo "2402"]
[Annotator "ChessBase"]
[PlyCount "91"]
[EventDate "2021.03.27"]
[EventType "team-tourn"]
[EventCountry "NET"]
[SourceTitle "playchess.com"]
[Source "ChessBase"]
[SourceQuality "1"]
[TimeControl "900+5"]

1. e4 c6 2. d4 d5 3. e5 Bf5 4. h4 h5 5. Bd3 Bxd3 6. Qxd3 e6 7. Ne2 Ne7 8. Bg5 Qb6 9. Nd2 Nf5 10. b3 Nd7 11. c4 Qa6 12. Ng3 Ne7 13. O-O f6 14. exf6 gxf6 15. Be3 O-O-O 16. Qc2 Kb8 17. Rfe1 e5 18. a4 c5 19. dxe5 d4 20. Bf4 fxe5 21. Rxe5 Ka8 22. Re2 Nc6 23. Rae1 Bg7 24. Nf3 d3 25. Qxd3 Nde5 26. Nxe5 Rxd3 27. Nxd3 b6 28. Re8+ Rxe8 29. Rxe8+ Kb7 30. Nf5 Qa5 31. Nxg7 Qc3 32. Ne5 Nd4 33. Nf7 Qxb3 34. Kh2 Qd1 35. Nd6+ Ka6 36. Bg5 Ne2 37. Rxe2 Qxe2 38. f4 Ka5 39. Nge8 Kxa4 40. Nf6 b5 41. cxb5 c4 42. Nfe4 Kb3 43. f5 c3 44. f6 c2 45. f7 Qg4 46. f8=Q 1-0